cohdb
Replays
Latest Replays
All Replays
Popular Replays
Top Player Replays
Match Explorer
How It Works
Community
CoH3 Stats
Reddit
Sign in to upload your games and track your stats! →
Sign in with Steam
Match 45243696
Unlisted
Match 45243696
Overview
Messages
Build Orders
End
Construct Infanterie Kompanie
Selects Italian Coastal Battlegroup
Selects Coastal Reserves
Coastal Reserve
MG 42 Machine Gun Team
Coastal Reserve
Pioneer Squad
MG 42 Machine Gun Team
Medical Bunker
Construct Panzergrenadier Kompanie
Infanterie Officer Quarters
Pak 40 Anti-tank Gun Team
Selects Support Bunkers
Pak 40 Anti-tank Gun Team
Support Elements
Pioneer Squad
Selects Designated Artillery Overwatch
Designated Artillery Overwatch
Pioneer Squad
Selects Artillery Officer
Medical Bunker
Designated Artillery Overwatch
251 Medium Carrier
Selects Obice da 210/22 Artillery Emplacement
Medical Bunker
MG 42 Machine Gun Team
StuG III G Assault Gun
Selects Bulwark
Designated Artillery Overwatch
Earthdog
Vadice
Yancy
咖喱
水银灯
不吃芹菜
JIANHU
白洲アズサ
0
0
Comments
sign in to comment!
No comments posted yet!